 Dungeon Crawl Stone Soup version 0.28-a0-793-g31680bbd8b (webtiles) character file.

Game seed: 15302765935374736117

567 bande the Covered (level 7, 0/44 HPs)
             Began as a Gargoyle Fighter on Nov 4, 2021.
             Slain by an ogre (18 damage)
             ... on level 4 of the Dungeon.
             The game lasted 00:07:14 (4950 turns).

bande the Covered (Gargoyle Fighter)                Turns: 4950, Time: 00:07:15

Health: 0/44       AC: 14    Str: 20    XL:     7   Next: 33%
Magic:  7/7        EV:  7    Int:  9    God:
Gold:   131        SH:  4    Dex: 10    Spells: 6/6 levels left

rFire   . . .      SeeInvis .   a - +0 war axe
rCold   . . .      Faith    .   c - +0 buckler
rNeg    + . .      Spirit   .   g - +0 chain mail
rPois   ∞          Reflect  .   (no helmet)
rElec   +          Harm     .   (no cloak)
rCorr   .          Rampage  .   (no gloves)
Will    .....                   (no boots)
Stlth   ..........              (no amulet)
HPRegen 0.14/turn               (no ring)
MPRegen 0.10/turn               (no ring)

@: no status effects
A: sickness immunity, AC +4, negative energy resistance 1, electricity
resistance, torment resistance 1, petrification resistance
a: no special abilities


You were on level 4 of the Dungeon.
You visited 1 branch of the dungeon, and saw 4 of its levels.
You also visited: Sewer.

You collected 131 gold pieces.

Inventory:

Hand Weapons
 a - a +0 war axe (weapon)
Armour
 c - a +0 buckler (worn)
 g - a +0 chain mail (worn)
Scrolls
 b - a scroll of blinking
 f - 2 scrolls of teleportation
Potions
 d - 3 potions of might
 e - a potion of ambrosia
 h - 2 potions of heal wounds {unknown}
 i - 2 potions of invisibility {unknown}
 j - a potion of flight {unknown}
 k - a potion of degeneration {unknown}
 l - a potion of lignification {unknown}
 m - 2 potions of cancellation {unknown}
 n - a potion of haste {unknown}


   Skills:
 + Level 4.7 Fighting
 + Level 5.1 Axes
 + Level 5.1 Armour
 + Level 4.2 Shields


You had 6 spell levels left.
You didn't know any spells.
Your spell library contained the following spells:

 Spells                   Type           Power      Damage    Failure   Level
 Frozen Ramparts          Ice            0%         1d2       100%        3
 Ozocubu's Armour         Ice            0%         N/A       100%        3
 Ice Form                 Ice/Tmut       0%         N/A       100%        4
 Summon Ice Beast         Ice/Summ       0%         N/A       100%        4
 Ozocubu's Refrigeration  Ice            0%         4d5       100%        7


Dungeon Overview and Level Annotations

Branches:
Dungeon (4/15)              Sewer (visited)
 Temple: D:4-7

Altars:


Innate Abilities, Weirdness & Mutations

You are immune to sickness and miasma.
Your stone body is resilient. (AC +4)
You are immune to poison.
You resist negative energy. (rN+)
You are resistant to electric shocks. (rElec)
You are resistant to unholy torment.
You are immune to petrification.


Message History

You closely miss Natasha.
Natasha is moderately wounded.
Natasha claws you but does no damage.
You slash Natasha!
Natasha is almost dead.
Natasha claws you.
You slash Natasha!
You kill Natasha!
You feel Natasha's spirit has finally been put to rest.
You start resting.
HP restored.
Done exploring.
There is a stone staircase leading down here.
You climb downwards.
There is a stone staircase leading up here.
An ogre comes into view. It is wielding a +0 giant spiked club.
The ogre shouts!
The ogre hits you with a +0 giant spiked club!!
Ouch! That really hurt!
You are too injured to fight recklessly!
You are too injured to fight recklessly!
You are too injured to fight recklessly!
You are too injured to fight recklessly!
You are too injured to fight recklessly!
You are too injured to fight recklessly!
You are too injured to fight recklessly!
You are too injured to fight recklessly!
You are too injured to fight recklessly!
You barely miss the ogre. The ogre closely misses you.
You barely miss the ogre.
The ogre hits you with a +0 giant spiked club.
You slash the ogre!
The ogre is heavily wounded.
You hit the ogre.
The ogre is severely wounded.
The ogre hits you but does no damage.
You hit the ogre.
The ogre is almost dead.
The ogre hits you with a +0 giant spiked club!!
You die...

### ..#
#.# #.#
#O# #@#
#.#
#######.#
#.......#
#.#####.#
#.# #.#
#.# ###
#.# #.#


You could see an ogre.

Vanquished Creatures
  4 kobold brigands (Sewer)
  Natasha (thrice) (D:3)
  11 adders (D:3)
  A worm (D:3)
  An orc (D:3)
  7 ball pythons
  5 bats
  9 endoplasms
  7 giant cockroaches
  8 goblins
  10 hobgoblins
  9 jackals
  8 quokkas
  6 frilled lizards
  17 kobolds
  8 rats
114 creatures vanquished.

Vanquished Creatures (others)
  A plant (Sewer)
1 creature vanquished.

Grand Total: 115 creatures vanquished

Notes
Turn   | Place    | Note
-------+----------+-------------------------------------------
     0 | D:1      | bande the Gargoyle Fighter began the quest for the Orb.
     0 | D:1      | Reached XP level 1. HP: 14/14 MP: 1/1
   299 | D:1      | Reached XP level 2. HP: 19/19 MP: 2/2
   785 | D:1      | Reached XP level 3. HP: 23/23 MP: 3/3
  1837 | D:2      | Found a faded altar of an unknown god.
  2198 | D:3      | Found a glowing drain.
  2205 | D:3      | Reached XP level 4. HP: 27/29 MP: 4/4
  2235 | Sewer    | Entered a sewer
  2338 | Sewer    | Noticed a kobold brigand
  2354 | Sewer    | Killed a kobold brigand
  2355 | Sewer    | Reached XP level 5. HP: 19/33 MP: 5/5
  2966 | Sewer    | Noticed a kobold brigand
  3000 | Sewer    | Killed a kobold brigand
  3001 | Sewer    | Reached XP level 6. HP: 18/38 MP: 6/6
  4139 | D:3      | Reached XP level 7. HP: 39/44 MP: 7/7
  4141 | D:3      | Reached skill level 5 in Armour
  4375 | D:3      | Noticed Natasha
  4381 | D:3      | Killed Natasha
  4382 | D:3      | Reached skill level 5 in Axes
  4476 | D:3      | Noticed Natasha
  4492 | D:3      | Killed Natasha
  4841 | D:3      | Noticed Natasha
  4853 | D:3      | Killed Natasha
  4950 | D:4      | Slain by an ogre

Illustrated notes

Levels and vault maps discovered:
D:1:      dpeg_arrival_leaves_temple_mockup, layout_basic
D:2:      layout_loops_cross, hellmonk_ecumenical_altar_heavens_door
D:3:      minmay_octagon_keep, layout_rooms, portal_sewer_entry_a,
          kennysheep_generic_room_14, uniq_natasha
D:4:      gammafunk_wand_slinger, layout_basic

Skill      XL: |  1  2  3  4  5  6  7 |
---------------+----------------------+-----
Axes           | 2 3 4 5 |  5.1
Fighting       | 4 |  4.7
Armour         | 4 5 |  5.1
Shields        | 4 |  4.2

Action                   |  1- 3 |  4- 6 |  7- 9 || total
-------------------------+-------+-------+-------++-------
Melee: War axe           |   152 |   132 |    64 ||   348
  Use: Scroll            |     4 |     2 |       ||     6
       Potion            |       |     1 |       ||     1
Armor: Scale mail        |    81 |       |       ||    81
       Chain mail        |     2 |   109 |    41 ||   152
Dodge: Dodged            |    79 |    57 |    23 ||   159
Block: Buckler           |    41 |    28 |     8 ||    77

Table legend: (Time is in decaauts)
 A = Elapsed time spent in this place.
 B = Non-inter-level travel time spent in this place.
 C = Inter-level travel time spent in this place.
 D = Time resting spent in this place.
 E = Time spent auto-exploring this place.
 F = Levels seen in this place.
 G = Mean time per level.
                   A        B        C        D        E       F      G
               +--------+--------+--------+--------+--------+-----+--------+
         Total |   5096 |   5055 |     41 |   1266 |   2433 |   5 | 1019.2 |
       Dungeon |   3532 |   3491 |     41 |    179 |   2183 |   4 |  883.0 |
         Sewer |   1564 |   1564 |      0 |   1087 |    250 |   1 | 1564.0 |
               +--------+--------+--------+--------+--------+-----+--------+

Top non-repeatable levels by time:
   Sewer: 1564 daAuts
     D:1: 1396 daAuts
     D:3: 1253 daAuts
     D:2: 861 daAuts
     D:4: 20 daAuts
